 Dungeon Crawl Stone Soup version 0.30-a0-782-ge64f9170bb (webtiles) character file.

Game seed: 16993104850444130259

7635 DavidChitty2 the Grappler (level 10, -1/100 HPs)
             Began as a Troll Gladiator on Mar 2, 2023.
             Was a High Priest of Okawaru.
             Slain by a troll (9 damage)
             ... on level 9 of the Dungeon.
             The game lasted 00:14:44 (7922 turns).

DavidChitty2 the Grappler (Troll Gladiator)         Turns: 7922, Time: 00:14:45

Health: -1/100     AC:  7    Str: 26    XL:     10   Next: 98%
Magic:  23/23      EV: 12    Int:  6    God:    Okawaru [*****.]
Gold:   453        SH:  0    Dex: 11    Spells: 9/9 levels left

rFire   + . .      SeeInvis +      - Unarmed
rCold   . . .      Faith    +    (no shield)
rNeg    . . .      Spirit   .    D - +1 robe {Will+}
rPois   .          Reflect  .    s - +1 hat
rElec   .          Harm     .    h - +0 cloak
rCorr   .          Rampage  .    (gloves unavailable)
Will    +....                    (boots unavailable)
Stlth   +                        m - amulet "Uxofesao" {Faith rF+ Slay+3 SInv}
HPRegen 1.16/turn                u - ring of magical power
MPRegen 0.18/turn                (no ring)

@: slowed, studying Throwing, very slow
A: large, unfitting armour, claws 3, regeneration 1, shaggy fur 1, tough skin 1
a: Renounce Religion, Heroism, Finesse, Duel


You were on level 9 of the Dungeon.
You worshipped Okawaru.
Okawaru was extremely pleased with you.
You visited 2 branches of the dungeon, and saw 10 of its levels.
You also visited: Bailey.

You collected 453 gold pieces.

Inventory:

Hand Weapons
 b - the +2 Maxwell's thermic engine {flame, freeze}
   (You found it on level 8 of the Dungeon)

   It becomes more effective when it hits something.
   This effect fades over time.
 B - a +3 sling of freezing
   (You found it in a bailey)
Missiles
 c - 5 throwing nets {!f}
 j - a large rock
 o - 9 curare-tipped darts {!f}
 t - a silver javelin
 x - 18 poisoned darts (quivered)
 A - 6 boomerangs
 C - 4 atropa-tipped darts
 E - a javelin
Armour
 h - a +0 cloak (worn)
   (You found it on level 5 of the Dungeon)
 s - a +1 hat (worn)
 D - a +1 robe of willpower (worn)
   (You took it off Psyche on level 9 of the Dungeon)
Jewellery
 m - the amulet "Uxofesao" (around neck) {Faith rF+ Slay+3 SInv}
   (You found it on level 3 of the Dungeon)

   [amulet of faith]

   It allows you to gain divine favour quickly.
   Slay:      It affects your accuracy & damage with ranged weapons and melee
   (+3).
   rF:        It protects you from fire.
   SInv:      It lets you see invisible.
 u - a ring of magical power (left claw)
   (You found it on level 7 of the Dungeon)
 y - a ring of willpower
   (You took it off a kobold in a bailey)
Wands
 d - a wand of iceblast (11)
   (You took it off a gnoll on level 6 of the Dungeon)
 v - a wand of polymorph (6)
   (You found it on level 7 of the Dungeon)
Scrolls
 p - a scroll of enchant armour
Potions
 a - a potion of lignification {!q}
 e - 4 potions of degeneration {!q}
 g - 2 potions of curing {@q1}
 i - 2 potions of attraction {unknown}
 k - 2 potions of ambrosia
 l - a potion of invisibility
 n - 4 potions of mutation {unknown}
 q - 3 potions of brilliance
 r - 3 potions of haste {unknown}
 z - a potion of flight {unknown}


   Skills:
 + Level 6.5 Fighting
 - Level 1.7 Throwing
 + Level 6.9 Dodging
 * Level 11.2 Unarmed Combat
 + Level 6.7 Invocations


You had 9 spell levels left.
You didn't know any spells.
Your spell library contained the following spells:

 Spells                   Type           Power      Damage    Failure   Level
 Freeze                   Ice            0%         1d3       45%         1
 Searing Ray              Conj           0%         2d4       58%         2
 Frozen Ramparts          Ice            0%         1d1       83%         3
 Hailstorm                Conj/Ice       0%         3d3       83%         3
 Portal Projectile        Hex/Tloc       0%         N/A       83%         3
 Leda's Liquefaction      Hex/Erth       0%         N/A       99%         4
 Manifold Assault         Tloc           0%         N/A       99%         4
 Blade Hands              Tmut           0%         N/A       100%        5
 Lee's Rapid Deconstruct  Erth           0%         3d4*      100%        5
 Silence                  Hex/Air        0%         N/A       100%        5
 Dispersal                Tloc           0%         N/A       100%        6
 Statue Form              Tmut/Erth      0%         N/A       100%        6
 Storm Form               Tmut/Air       0%         N/A       100%        7
 Disjunction              Tloc           0%         N/A       100%        8
 Tukima's Dance           Hex            Unusable   N/A       N/A         3

Dungeon Overview and Level Annotations

Branches:
Dungeon (9/15)             Temple (1/1) D:6          Bailey (visited)
   Lair: D:8-11         Orc: D:9-12

Altars:
Ashenzari
Cheibriados
Dithmenos
Elyvilon
Fedhas
Gozag
Hepliaklqana
Kikubaaqudgha
Makhleb
Nemelex Xobeh
Okawaru
Qazlal
Ru
Sif Muna
Trog
Uskayaw
Vehumet
Wu Jian
Xom
Yredelemnul
Zin
The Shining One

Shops:
D:8 (

Annotations:
D:7 1 runed translucent door, Crazy Yiuf


Innate Abilities, Weirdness & Mutations

You are too large for most types of armour.
You have claws for hands.
Your natural rate of healing is unusually fast.
You are covered in fur. (AC +1)
You have tough skin. (AC +1)


Message History

* * * LOW HITPOINT WARNING * * *
You feel as though you will be slow longer.
The hornet attacks as you move away! The hornet barely misses you.
The troll attacks as you move away! The troll bites you but does no damage.
The troll closely misses you. The troll barely misses you.
You feel sick. The hornet barely misses you.
You feel much better.
You feel sick.
The hornet stings you but does no damage.
The hornet barely misses you.
You claw the hornet!
You feel sick. The hornet stings you.
* * * LOW HITPOINT WARNING * * *
You are more poisoned.
You feel as though you will be slow longer.
The hornet stings you.
* * * LOW HITPOINT WARNING * * *
You feel as though you will be slow longer.
You scratch the hornet but do no damage.
You feel very sick.
The hornet stings you but does no damage.
The hornet stings you!
* * * LOW HITPOINT WARNING * * *
You feel as though you will be slow longer.
You claw the hornet!
You kill the hornet!
Okawaru accepts your kill.
You feel very sick.
You closely miss the troll.
You feel sick. The troll misses you. The troll barely misses you. x2
You feel better. The troll bites you.
* * * LOW HITPOINT WARNING * * *
The troll closely misses you. The troll claws you but does no damage.
The troll barely misses you. The troll claws you.
* * * LOW HITPOINT WARNING * * *
The troll claws you but does no damage.
You mangle the troll!! The troll closely misses you. The troll claws you.
* * * LOW HITPOINT WARNING * * *
The troll claws you but does no damage.
You closely miss the troll. The troll misses you.
The troll claws you but does no damage. The troll claws you.
* * * LOW HITPOINT WARNING * * *
You closely miss the troll. The troll bites you!
* * * LOW HITPOINT WARNING * * *
The troll claws you.
* * * LOW HITPOINT WARNING * * *
The troll barely misses you.
You feel better. The troll bites you!
* * * LOW HITPOINT WARNING * * *
The troll closely misses you. The troll claws you but does no damage.
The troll bites you!
You die...

...# #.# ...###
###############.# ......
................########
......
........................
######
#######.################
#.# #.# #.# ##### #@#
#### ###....###T######
..... .≈≈.≈≈.......<....
..... ≈#+#≈..†.........
..... ..'_'......#######
..... .≈#'#≈.....# .....
≈≈.≈≈.....# .....
............. .....
..............


You could see a troll.

Vanquished Creatures
  A centaur warrior (D:8)
  Psyche (D:9)
  A troll (D:9)
  A hornet (D:9)
  4 yaks (D:8)
  3 wyverns
  A steam dragon (D:8)
  Grum (D:9)
  A water moccasin (D:6)
  8 orc warriors
  An ice beast (D:7)
  3 wolves (D:9)
  2 ogres (D:5)
  2 centaurs
  9 kobold brigands
  4 bullfrogs
  A gnoll sergeant (D:6)
  A necrophage (D:8)
  6 scorpions
  11 wights
  14 killer bees
  A howler monkey (D:7)
  2 jellies
  6 orc priests
  7 hounds
  4 iguanas
  6 orc wizards
  9 gnolls (D:6)
  9 adders
  A shadow imp (D:8)
  3 white imps
  An ufetubus (D:6)
  4 worms
  24 orcs
  7 bats
  7 endoplasms
  2 giant cockroaches (D:4)
  9 goblins
  9 hobgoblins
  2 jackals (D:1)
  21 kobolds
  2 quokkas
  6 ball pythons
  3 frilled lizards (D:1)
  4 rats
225 creatures vanquished.

Vanquished Creatures (others)
  An orc wizard (D:7)
  A fungus (D:7)
2 creatures vanquished.

Grand Total: 227 creatures vanquished

Notes
Turn   | Place    | Note
-------+----------+-------------------------------------------
     0 | D:1      | DavidChitty2 the Troll Gladiator began the quest for the
                  | Orb.
     0 | D:1      | Reached XP level 1. HP: 19/19 MP: 0/0
    69 | D:1      | Reached XP level 2. HP: 23/28 MP: 1/1
   286 | D:1      | Found a faded altar of an unknown god.
   337 | D:1      | Prayed at the altar of an unknown god.
   337 | D:1      | Became a worshipper of Warmaster Okawaru
   337 | D:1      | Reached * piety under Okawaru
   965 | D:2      | Reached XP level 3. HP: 35/35 MP: 2/2
  1770 | D:2      | Reached XP level 4. HP: 34/42 MP: 3/3
  1872 | D:3      | Reached skill level 4 in Unarmed Combat
  1913 | D:3      | Got the Quarto of Radiant Gases
  1965 | D:3      | Identified the amulet "Uxofesao" {Faith rF+ Slay+3 SInv}
  2154 | D:3      | You fall into a shaft and drop 2 floors!
  2154 | D:5      | Entered Level 5 of the Dungeon
  2203 | D:5      | Reached skill level 1 in Invocations
  2244 | D:3      | Reached XP level 5. HP: 38/50 MP: 3/5
  2319 | D:3      | Found a hide-covered altar of Uskayaw.
  2319 | D:3      | Found a hazy altar of Hepliaklqana.
  2650 | D:3      | Reached ** piety under Okawaru
  2701 | D:4      | Reached XP level 6. HP: 53/59 MP: 3/6
  2777 | D:4      | Found a glowing golden altar of the Shining One.
  2789 | D:4      | Reached skill level 5 in Unarmed Combat
  2897 | D:4      | Found a white marble altar of Elyvilon.
  2897 | D:4      | Found a stormy altar of Qazlal.
  2952 | D:4      | Found a shimmering blue altar of Sif Muna.
  3608 | D:5      | Reached XP level 7. HP: 67/67 MP: 7/7
  3627 | D:5      | Found a bloodstained altar of Trog.
  3891 | D:5      | Reached *** piety under Okawaru
  3892 | D:5      | Reached skill level 6 in Unarmed Combat
  4143 | D:5      | Found an opulent altar of Gozag.
  4240 | D:6      | Found a staircase to the Ecumenical Temple.
  4246 | D:6      | Reached XP level 8. HP: 78/78 MP: 9/9
  4468 | Temple   | Entered the Ecumenical Temple
  4504 | D:6      | Reached skill level 7 in Unarmed Combat
  4613 | D:6      | Reached **** piety under Okawaru
  4805 | D:6      | Received a gift from Okawaru
  5350 | D:7      | Reached skill level 5 in Dodging
  5350 | D:7      | Reached skill level 8 in Unarmed Combat
  5437 | D:7      | Found a runed translucent door.
  5438 | D:7      | Noticed Crazy Yiuf
  5638 | D:7      | Found a shadowy altar of Dithmenos.
  5651 | D:7      | Received a gift from Okawaru
  5652 | D:7      | Reached XP level 9. HP: 78/85 MP: 11/11
  6256 | D:8      | Found Amablarph's Antique Weapon Boutique.
  6286 | D:8      | Reached skill level 5 in Fighting
  6288 | D:8      | Found the +2 Maxwell's thermic engine {flame, freeze}
  6291 | D:8      | Noticed a centaur warrior
  6297 | D:8      | Killed a centaur warrior
  6298 | D:8      | Reached skill level 9 in Unarmed Combat
  6298 | D:8      | Reached skill level 5 in Invocations
  6460 | D:8      | Found a flagged portal.
  6476 | D:8      | Reached XP level 10. HP: 88/96 MP: 13/13
  6494 | Bailey   | Entered a bailey
  6581 | Bailey   | Reached skill level 10 in Unarmed Combat
  6768 | Bailey   | Reached ***** piety under Okawaru
  6832 | Bailey   | Found a bloodstained altar of Trog.
  7483 | D:9      | Noticed Psyche
  7493 | D:9      | Killed Psyche
  7634 | D:9      | Received a gift from Okawaru
  7674 | D:9      | Noticed Grum
  7683 | D:9      | Reached skill level 11 in Unarmed Combat
  7689 | D:9      | Killed Grum
  7739 | D:9      | Identified the +4 battleaxe "Ennevvu" {heavy, Fly Int+2}
                  | (Okawaru gifted it to you on level 9 of the Dungeon)
  7739 | D:9      | Received a gift from Okawaru
  7894 | D:9      | Found an ornate altar of the Wu Jian Council.
  7922 | D:9      | Slain by a troll

Illustrated notes

Levels and vault maps discovered:
D:1:      lightli_arrival_flooded_house, layout_basic, serial_rivers,
          chequers_serial_rivers_small_a, chequers_serial_rivers_small_a,
          chequers_serial_rivers_room_a, chequers_serial_rivers_micro_c,
          chequers_serial_rivers_room_b, shapermc_ecumenical_altar_pompeii
D:2:      layout_basic, item_on_display_a
D:3:      layout_basic, jmf_multi_god_temple
D:4:      layout_gridville, pf_just_have_faith, gammafunk_temple_overflow_wave,
          tso_metal_star
D:5:      layout_loops_ring, trog_hazing_becter, lemuel_tele_altar,
          kennysheep_generic_room_9
D:6:      layout_loops_ring, minmay_temple_entry_drinking_statues,
          grunt_ministairs_7
D:7:      layout_loops_cross, grunt_dithmenos_smoke_and_mirrors,
          uniq_crazy_yiuf_cottage
D:8:      layout_loops_ring, enter_bailey_2, serial_shops, shop
D:9:      layout_long_grid, kennysheep_mini_moat, uniq_grum, uniq_psyche
Temple:   hellmonk_temple_two_chambers

Skill      XL: |  1  2  3  4  5  6  7  8  9 10 |
---------------+-------------------------------+-----
Fighting       | 2 3 4 5 6 |  6.5
Unarmed Combat | 4 5 6 8 9 11 | 11.2
Dodging        | 3 4 5 6 |  6.9
Invocations    | 1 2 3 4 5 6 |  6.7
Throwing       | |  1.7

Action                     |  1- 3 |  4- 6 |  7- 9 | 10-12 || total
---------------------------+-------+-------+-------+-------++-------
  Melee: Unarmed           |    79 |    84 |   249 |   161 ||   573
         Punch             |       |     6 |    12 |     8 ||    26
  Throw: Dart              |       |       |       |     2 ||     2
 Invoke: Heroism           |       |     2 |     4 |     3 ||     9
         Finesse           |       |       |     3 |       ||     3
    Use: Scroll            |       |     7 |     5 |     4 ||    16
         Potion            |       |       |     3 |     6 ||     9
   Stab: Sleeping          |     2 |     3 |       |       ||     5
 Armour: Robe              |    33 |    25 |    68 |    46 ||   172
  Dodge: Dodged            |    28 |    57 |   111 |   117 ||   313

Table legend: (Time is in decaauts)
 A = Elapsed time spent in this place.
 B = Non-inter-level travel time spent in this place.
 C = Inter-level travel time spent in this place.
 D = Time resting spent in this place.
 E = Time spent auto-exploring this place.
 F = Levels seen in this place.
 G = Mean time per level.
                   A        B        C        D        E       F      G
               +--------+--------+--------+--------+--------+-----+--------+
         Total |   7832 |   7483 |    349 |    324 |   5534 |  11 |  712.0 |
       Dungeon |   7382 |   7035 |    347 |    216 |   5399 |   9 |  820.2 |
        Temple |     19 |     17 |      2 |      0 |     10 |   1 |   19.0 |
        Bailey |    430 |    430 |      0 |    108 |    125 |   1 |  430.0 |
               +--------+--------+--------+--------+--------+-----+--------+

Top non-repeatable levels by time:
     D:6: 985 daAuts
     D:2: 910 daAuts
     D:1: 890 daAuts
     D:5: 881 daAuts
     D:8: 870 daAuts
     D:7: 868 daAuts
     D:3: 785 daAuts
     D:4: 740 daAuts
     D:9: 449 daAuts
  Bailey: 430 daAuts
  Temple: 19 daAuts
